 Dungeon Crawl Stone Soup version 0.31-a0-1612-g4aaf141004 (webtiles) character file.

Game seed: 3140513591666315150

505910 Laraso the Fire Dragon (level 24, 0/152 (210) HPs)
             Began as a Red Draconian Fire Elementalist on Jan 9, 2024.
             Was a High Priest of Sif Muna.
             Killed from afar by a laughing skull (31 damage)
             ... with a bolt of negative energy
             ... on level 3 of the Crypt on Jan 10, 2024.
             The game lasted 02:57:56 (76986 turns).

Laraso the Fire Dragon (DrFE)                      Turns: 76986, Time: 02:57:56

HP:   0/152 (210)   AC: 24    Str: 13    XL:     24   Next: 17%
MP:   5/43          EV: 26    Int: 29    God:    Sif Muna [*****.]
Gold: 4279          SH:  0    Dex: 16    Spells: 1/55 levels left

rFire   + + +        a - staff of conjuration
rCold   . . .        (no shield)
rNeg    . . .        (body armour unavailable)
rPois   .            R - +2 hat
rElec   .            X - +2 cloak {Will+}
rCorr   .            Q - +2 pair of gloves {rF+}
SInv    .            M - +3 pair of mountain boots {steadfast, rC+}
Will    ++++.        x - amulet of magic regeneration
Stlth   ++           N - ring of Ascent {Will+ EV+5 Int+3 Dex+5}
HPRegen 0.45/turn    K - ring "Unoehybe" {Fire Will+}
MPRegen 0.68/turn

%: no passive effects
@: swift, studying 5 skills, very heavily drained, very quick
A: breathe fire, AC +12, unfitting armour, fire resistance 1, cold-blooded
}: 2/15 runes: serpentine, barnacled
a: Breathe Fire, Renounce Religion, Channel Magic, Forget Spell, Divine Exegesis


You were on level 3 of the Crypt.
You worshipped Sif Muna.
Sif Muna was extremely pleased with you.
You visited 9 branches of the dungeon, and saw 44 of its levels.
You also visited: Ice Cave and Wizlab.

You collected 7079 gold pieces.
You spent 2800 gold pieces at shops.

Inventory:

Hand Weapons
 d - a +9 heavy eveningstar
Armour
 p - an orb of energy
 y - the +2 cloak of the Thief {*Fog Slay-2 SInv Stlth+}
   (You found it on level 3 of the Elven Halls)

   *Fog:      It may release a thick cloud of smoke when the wearer is hurt.
   Slay-2:    It affects your accuracy & damage with ranged weapons and melee
   (-2).
   SInv:      It lets you see invisible.
   Stlth+:    It makes you more stealthy.
 M - the +3 pair of mountain boots (worn) {steadfast, rC+}
   (You found it on level 5 of the Lair of Beasts)

   Steadfast: It prevents involuntary movement, except for blinking,
   teleportation, or banishment.
   rC+:       It protects you from cold.
 Q - a +2 pair of gloves of fire resistance (worn)
 R - a +2 hat (worn)
 X - a +2 cloak of willpower (worn)
 Y - an orb of light
Magical Staves
 a - a staff of conjuration (weapon)
 b - the staff of Discord {rElec rPois rC+ Int-3 Conj Ice Alchemy}
   (You found it on level 2 of the Shoals)

   [staff of cold]

   Base accuracy: +5 Base damage: 5 Base attack delay: 1.2 This weapon's minimum
   attack delay (0.6) is reached at skill level 12.
   Int-3:     It affects your intelligence (-3).
   rC+:       It protects you from cold.
   rElec:     It insulates you from electricity.
   rPois:     It protects you from poison Conj: It increases the power of your
   Conjurations spells.
   Ice:       It increases the power of your Ice spells.
   Alchemy:   It increases the power of your Alchemy spells.
   It falls into the 'Staves' category.
   It is a one-handed weapon.
Jewellery
 c - a +6 ring of dexterity
 g - an amulet of regeneration
 r - a ring of see invisible
 x - an amulet of magic regeneration (around neck)
 F - the ring "Sopat" {rElec Str+3 Dex+6 Slay+4}
   (You acquired it on level 1 of the Elven Halls)

   [ring of dexterity]

   Str+3:     It affects your strength (+3).
   Dex+6:     It affects your dexterity (+6).
   Slay+4:    It affects your accuracy & damage with ranged weapons and melee
   (+4).
   rElec:     It insulates you from electricity.
 K - the ring "Unoehybe" (right hand) {Fire Will+}
   (You found it in an ice cave)

   [ring of fire]

   Fire:      It enhances your fire magic.
   rF+:       It protects you from fire.
   rC-:       It makes you vulnerable to cold.
   Will+:     It increases your willpower.
 L - a ring of resist corrosion
 N - the ring of Ascent (left hand) {Will+ EV+5 Int+3 Dex+5}
   (You took it off a deep elf annihilator on level 3 of the Elven Halls)

   [ring of evasion]

   EV+5:      It affects your evasion (+5).
   Int+3:     It affects your intelligence (+3).
   Dex+5:     It affects your dexterity (+5).
   Will+:     It increases your willpower.
 W - the ring of Kuegytep {rC+ Will+ MP+9}
   (You bought it in a shop on level 4 of the Snake Pit)

   [ring of magical power]

   rC+:       It protects you from cold.
   Will+:     It increases your willpower.
   MP+9:      It affects your magic capacity (+9).
Wands
 k - a wand of polymorph (41)
 q - a wand of roots (82)
 A - a wand of mindburst (48)
 C - a wand of quicksilver (47)
 P - a wand of charming (34)
 T - a wand of digging (12)
Scrolls
 f - 12 scrolls of teleportation
 n - 9 scrolls of immolation
 o - 2 scrolls of fear
 s - 4 scrolls of revelation
 t - 9 scrolls of fog
 u - 7 scrolls of poison
 v - 4 scrolls of summoning
 D - 6 scrolls of vulnerability
 U - a scroll of torment
Potions
 e - 5 potions of lignification
 h - 3 potions of cancellation
 i - 21 potions of curing
 j - 2 potions of berserk rage
 l - 5 potions of mutation
 m - 8 potions of attraction
 w - a potion of invisibility
 z - 7 potions of heal wounds
 B - 9 potions of enlightenment
 E - a potion of magic
 G - 10 potions of ambrosia
 H - 4 potions of might
 I - 2 potions of resistance
 S - 9 potions of brilliance
 V - 13 potions of haste
Miscellaneous
 J - a condenser vane


   Skills:
 - Level 16.0 Fighting
 - Level 12.0 Maces & Flails
 - Level 16.0 Dodging
 - Level 1.7 Stealth
 - Level 16.0 Spellcasting
 - Level 22.0 Conjurations
 - Level 3.0 Translocations
 O Level 27 Fire Magic
 - Level 4.0 Air Magic
 * Level 12.8 Earth Magic
 - Level 16.0 Invocations


You had one spell level left.
You knew the following spells:

 Your Spells              Type           Power      Damage    Failure   Level
a - Fire Storm            Conj/Fire      76%        8d19      9%          9
b - Blink                 Tloc           80%        N/A       1%          2
c - Ignition              Fire           66%        3d18      1%          8
d - Scorch                Fire           100%       2d9       0%          2
e - Flame Wave            Conj/Fire      100%       2d21      0%          4
f - Fireball              Conj/Fire      76%        3d28      0%          5
r - Lehudib's Crystal Sp  Conj/Erth      55%        10d13     11%         8
s - Swiftness             Air            46%        N/A       1%          3
t - Orb of Destruction    Conj           61%        9d15      1%          7
v - Starburst             Conj/Fire      76%        6d20      0%          6

Your spell library contained the following spells:

 Spells                   Type           Power      Damage    Failure   Level
 Foxfire                  Conj/Fire      100%       2x1d9     0%          1
 Magic Dart               Conj           100%       1d8       0%          1
 Sandblast                Erth           100%       2d20      0%          1
 Shock                    Conj/Air       100%       1d9       0%          1
 Apportation              Tloc           80%        N/A       1%          1
 Kiss of Death            Conj/Necr      100%       2d13      1%          1
 Necrotise                Necr           92%        1d8       1%          1
 Slow                     Hex            92%        N/A       1%          1
 Sting                    Conj/Alch      100%       1d9       1%          1
 Summon Small Mammal      Summ           92%        N/A       1%          1
 Searing Ray              Conj           100%       2d8       0%          2
 Static Discharge         Conj/Air       100%       3-8/arc   0%          2
 Stone Arrow              Conj/Erth      100%       3d13      0%          3
 Volatile Blastmotes      Fire/Tloc      100%       2d18      0%          3
 Brom's Barrelling Bould  Conj/Erth      100%       2d11      0%          4
 Iskenderun's Battlesphe  Conj           100%       2d15      0%          5
 Cigotuvi's Dreadful Rot  Necr/Alch/Air  60%        N/A       1%          2
 Lesser Beckoning         Tloc           80%        N/A       1%          2
 Mercury Vapours          Alch/Air       68%        N/A       1%          2
 Momentum Strike          Conj/Tloc      100%       3d10      1%          2
 Dazzling Flash           Conj/Hex       100%       N/A       1%          3
 Gell's Gravitas          Tloc           40%        N/A       1%          3
 Hailstorm                Conj/Ice       92%        3d15      1%          3
 Inner Flame              Hex/Fire       100%       N/A       1%          3
 Mephitic Cloud           Conj/Alch/Air  83%        N/A       1%          3
 Passwall                 Erth           78%        N/A       1%          3
 Teleport Other           Tloc           40%        N/A       1%          3
 Fulminant Prism          Conj/Alch      46%        3d21      1%          4
 Ignite Poison            Fire/Alch      100%       N/A       1%          4
 Iskenderun's Mystic Bla  Conj/Tloc      97%        2d19      1%          4
 Leda's Liquefaction      Alch/Erth      28%        N/A       1%          4
 Petrify                  Alch/Erth      57%        N/A       1%          4
 Sticky Flame             Fire/Alch      100%       2d15      1%          4
 Summon Blazeheart Golem  Fire/Summ      100%       N/A       1%          4
 Arcjolt                  Conj/Air       49%        1d59      1%          5
 Freezing Cloud           Conj/Ice/Air   41%        6-21      1%          5
 Irradiate                Conj/Alch      46%        3d27      1%          5
 Lee's Rapid Deconstruct  Erth           39%        3d19*     1%          5
 Bombard                  Conj/Erth      55%        9d9       1%          6
 Conjure Ball Lightning   Conj/Air       49%        3x3d17    1%          6
 Plasma Beam              Fire/Air       53%        2x1d68    1%          6
 Call Imp                 Summ           46%        N/A       3%          2
 Ensorcelled Hibernation  Hex/Ice        46%        N/A       3%          2
 Jinxbite                 Hex            46%        N/A       3%          2
 Sublimation of Blood     Necr           23%        N/A       3%          2
 Airstrike                Air            23%        2d(4-20)  3%          4
 Vhi's Electric Charge    Tloc/Air       86%        N/A       4%          4
 Borgnjor's Vile Clutch   Necr/Erth      28%        N/A       4%          5
 Call Canine Familiar     Summ           23%        N/A       6%          3
 Confusing Touch          Hex            23%        N/A       6%          3
 Frozen Ramparts          Ice            46%        1d7       6%          3
 Fugue of the Fallen      Necr           23%        N/A       6%          3
 Ozocubu's Armour         Ice            23%        N/A       6%          3
 Sigil of Binding         Hex            23%        N/A       6%          3
 Summon Ice Beast         Ice/Summ       23%        N/A       6%          3
 Tukima's Dance           Hex            23%        N/A       6%          3
 Vampiric Draining        Necr           23%        2d7       6%          3
 Manifold Assault         Tloc           40%        N/A       6%          4
 Passage of Golubria      Tloc           40%        N/A       6%          4
 Summon Lightning Spire   Summ/Air       34%        N/A       9%          4
 Dimensional Bullseye     Hex/Tloc       15%        N/A       11%         4
 Spellforged Servitor     Conj/Summ      46%        N/A       19%         7
 Anguish                  Hex/Necr       11%        N/A       21%         4
 Animate Dead             Necr           23%        N/A       21%         4
 Cause Fear               Hex            11%        N/A       21%         4
 Martyr's Knell           Necr/Summ      23%        N/A       21%         4
 Olgreb's Toxic Radiance  Alch           23%        N/A       21%         4
 Silence                  Hex/Air        17%        N/A       24%         5
 Summon Forest            Summ/Tloc      15%        N/A       30%         5
 Alistair's Intoxication  Alch           15%        N/A       50%         5
 Curse of Agony           Necr           23%        N/A       50%         5
 Metabolic Englaciation   Hex/Ice        11%        N/A       50%         5
 Summon Mana Viper        Hex/Summ       23%        N/A       50%         5
 Yara's Violent Unravell  Hex/Alch       11%        3d6       50%         5
 Dispersal                Tloc           20%        N/A       65%         6
 Death Channel            Necr           11%        N/A       97%         6
 Sculpt Simulacrum        Ice/Alch       11%        N/A       97%         6
 Summon Cactus Giant      Summ           11%        N/A       97%         6
 Enfeeble                 Hex            11%        N/A       100%        7
 Haunt                    Necr/Summ      11%        N/A       100%        7
 Malign Gateway           Summ/Tloc      15%        N/A       100%        7
 Ozocubu's Refrigeration  Ice            11%        4d10      100%        7
 Summon Hydra             Summ           11%        N/A       100%        7
 Discord                  Hex            11%        N/A       100%        8
 Disjunction              Tloc           20%        N/A       100%        8
 Maxwell's Capacitive Co  Air            23%        ∞         100%        8
 Summon Horrible Things   Summ           11%        N/A       100%        8
 Chain Lightning          Conj/Air       49%        3d66      100%        9
 Death's Door             Necr           11%        N/A       100%        9
 Polar Vortex             Ice            11%        12d1*     100%        9
 Shatter                  Erth           39%        3d31*     100%        9


Dungeon Overview and Level Annotations

Branches:
Dungeon (15/15)            Temple (0/1) D:5            Lair (5/5) D:9
 Shoals (4/4) Lair:3        Snake (4/4) Lair:3        Slime (0/5) Lair:4
    Orc (2/2) D:9             Elf (3/3) Orc:2        Vaults (4/5) D:13
  Crypt (3/3) Vaults:3     Depths (4/4) D:15            Zot (0/5) Depths:4
  IceCv (visited)          WizLab (visited)
   Tomb: Crypt:3

Altars:
Dithmenos
Elyvilon
Fedhas
Kikubaaqudgha
Nemelex Xobeh
Okawaru
Qazlal
Ru
Sif Muna
Trog
Uskayaw
Vehumet
Wu Jian
Xom
Zin
The Shining One
Jiyva

Shops:
D:11 *   Orc:2 *=(*[   Shoals:3 =   Snake:1 *:   Snake:2 ?   Snake:3 [
Snake:4 ?=[!   Vaults:1 (   Vaults:2 [   Vaults:3 (   Vaults:4 :   Depths:2 :

Portals:
Hell: Depths:1 Depths:2 Depths:3 Depths:4
Abyss: Depths:1 Depths:3 Depths:4
Pandemonium: Depths:2
Ziggurat: Depths:3
Trove: D:15 (give +4 shadow dragon scales)

Annotations:
Lair:1 3 runed translucent doors, Neqioxon's ghost, journeyman MiFi
Elf:2 3 runed translucent doors, Nikola
Vaults:3 3 runed translucent doors, Tiej's ghost, adept MiFi
Vaults:4 1 runed translucent door, Tiej's ghost, adept MiFi
Depths:1 2 transporters, tmcgee265's ghost, adept FoBr


Innate Abilities, Weirdness & Mutations

You can breathe blasts of fire.
Your fiery red scales are hard. (AC +12)
You cannot fit into any form of body armour.
Your flesh is heat resistant. (rF+)
You are cold-blooded and may be slowed by cold attacks.


Message History

The bolt of negative energy misses you.
The laughing skull gibbers with scorn.
The bolt of negative energy hits the laughing skull.
The laughing skull completely resists.
The bolt of negative energy hits the laughing skull.
The laughing skull completely resists.
The bolt of negative energy hits you!
You feel drained.
The laughing skull gibbers with scorn.
The bolt of negative energy hits the laughing skull.
The laughing skull completely resists.
The bolt of negative energy hits the +0 dire flail of holy wrath.
The +0 dire flail of holy wrath completely resists.
The bolt of negative energy misses you.
The laughing skull attacks as it pursues you!
The laughing skull completely misses you.
Unknown command.
The laughing skull gibbers with scorn.
The bolt of negative energy misses the laughing skull.
The bolt of negative energy hits the harpy zombie.
The harpy zombie completely resists.
The bolt of negative energy hits the +0 dire flail of holy wrath.
The +0 dire flail of holy wrath completely resists.
The bolt of negative energy misses you.
The laughing skull gibbers with scorn.
The bolt of negative energy hits the laughing skull.
The laughing skull completely resists.
The bolt of negative energy hits the +0 dire flail of holy wrath.
The +0 dire flail of holy wrath completely resists.
The bolt of negative energy hits you!!
You feel drained.
* * * LOW HITPOINT WARNING * * *
You see here a +0 mace of protection.
Unknown command.
The laughing skull cackles spitefully.
The bolt of negative energy hits the harpy zombie.
The harpy zombie completely resists.
The bolt of negative energy hits the +0 dire flail of holy wrath.
The +0 dire flail of holy wrath completely resists.
The bolt of negative energy hits you!!
You feel drained.
You die...
The laughing skull crumbles to pieces from sheer joy.

≈≈≈≈≈≈≈..≈≈≈≈≈≈≈
≈≈≈≈≈≈≈≈)D≈≈≈≈≈≈≈≈
≈≈≈≈≈≈≈≈))≈≈≈≈≈≈≈≈
≈≈≈≈≈≈≈≈.zz≈≈≈≈≈≈≈
≈≈≈≈≈≈≈≈).z≈≈≈≈≈≈≈
≈≈≈≈≈≈≈≈..≈≈≈≈≈≈≈≈
≈≈≈≈≈≈≈zz.Z≈≈≈≈≈≈≈
≈≈≈≈≈≈≈..)(≈≈≈≈≈≈≈
≈≈≈≈≈≈....@.≈≈≈≈≈≈
≈≈≈≈≈≈.<....≈≈≈≈≈≈
≈≈≈≈≈≈≈..<.≈≈≈≈≈≈≈
≈≈≈≈≈≈≈≈≈≈≈≈≈≈≈≈≈≈
≈≈≈≈≈≈≈≈≈≈≈≈≈≈≈≈≈≈
≈≈≈≈≈≈≈≈≈≈≈≈≈≈≈≈≈≈
≈≈≈≈≈≈≈≈≈≈≈≈≈≈≈≈≈≈
##################


You could see a bone dragon, 5 laughing skulls, a +0 dire flail of holy wrath
and a harpy zombie.

Vanquished Creatures
  An ancient lich (Depths:3)
  A juggernaut (Depths:4)
  Boris (twice) (Vaults:2 Crypt:2)
  Margery (Crypt:2)
  Saint Roka (Crypt:1)
  A caustic shrike (Depths:3)
  2 golden dragons (Depths:4)
  A bone dragon (Depths:4)
  A hellephant (Depths:2)
  2 doom hounds (Depths:4)
  Jorgrun (Shoals:2)
  2 tentacled monstrosities
  4 liches
  2 titans
  Grunn (Depths:4)
  2 deep elf blademasters (Elf:3)
  Asterion (Vaults:1)
  A searing wretch (Crypt:2)
  A quicksilver dragon (Depths:4)
  A kraken (Shoals:3)
  2 tentacled starspawn (WizLab)
  3 sphinxes
  2 eldritch tentacles (WizLab)
  2 ancient champions (Crypt:1)
  2 deep elf master archers (Elf:3)
  2 tengu reavers (Depths:3)
  Frances (Lair:3)
  2 storm dragons
  Aizul (Elf:2)
  A shadow dragon (Depths:1)
  A revenant (Crypt:2)
  Donald (Shoals:1)
  8 nagarajas
  Ilsuiw (Shoals:2)
  6 fire giants
  6 frost giants
  3 deep elf sorcerers (Elf:3)
  A draconian knight (Depths:4)
  4 deep elf elementalists (Elf:3)
  A draconian shifter (Depths:4)
  4 ghouls (Crypt:2)
  5 orc warlords
  15 vault wardens
  An angel (Shoals:4)
  A curse skull (Vaults:3)
  A cacodemon (WizLab)
  16 ironbound preservers
  A ghost moth (WizLab)
  2 reapers (Depths:1)
  A broodmother (WizLab)
  3 spriggan defenders (Depths:3)
  14 very ugly things
  4 ironbound thunderhulks
  An apis (Shoals:4)
  10 deep elf demonologists
  A formless jellyfish (Vaults:2)
  6 deep elf death magi
  4 vampire knights
  12 stone giants
  3 green draconians (Depths:4)
  A yellow draconian (Depths:4)
  2 white draconians
  7 deep elf annihilators
  19 dire elephants
  6 war gargoyles
  A red draconian (Depths:4)
  16 spark wasps
  2 purple draconians (Depths:4)
  Azrael (Elf:1)
  2 blizzard demons
  6 merfolk javelineers (Shoals:4)
  2 green deaths (Snake:1)
  3 crystal guardians
  9 merfolk impalers
  14 ettins
  Snorg (Lair:4)
  3 entropy weavers (WizLab)
  An entropy weaver (shapeshifter) (D:14)
  4 deep elf high priests
  5 great orbs of eyes
  Harold (D:10)
  5 yaktaur captains
  9 fire dragons
  7 vault guards
  4 rakshasas
  A quicksilver dragon skeleton (Depths:2)
  The ghost of VoidStrider the Thaumaturge, a journeyman OnFE of Vehumet (Lair:2)
  A salamander tyrant (Snake:3)
  5 spriggan air magi
  2 ogre magi
  2 peacekeepers
  8 merfolk aquamancers (Shoals:4)
  A merfolk avatar (Shoals:2)
  10 ice dragons
  8 ironbound frosthearts
  9 deep troll shamans
  17 centaur warriors
  18 anacondas
  18 dancing weapons
  A satyr (Shoals:3)
  10 death yaks
  5 boulder beetles
  7 deep troll earth magi
  23 naga warriors
  9 spriggan berserkers
  7 hell hogs
  5 tengu warriors (D:15)
  4 two-headed ogres
  A vampire mage (Vaults:3)
  5 occultists
  Urug (Orc:2)
  10 shock serpents
  A shock serpent (shapeshifter) (Depths:3)
  2 soul eaters
  12 hell knights
  9 naga sharpshooters
  4 skysharks
  A storm dragon zombie (Depths:2)
  4 orc high priests
  21 deep elf knights
  A sun demon (Depths:2)
  4 spriggans
  Amaemon (D:8)
  2 shadow wraiths
  A spark wasp zombie (Depths:2)
  9 iron trolls
  A storm dragon skeleton (WizLab)
  28 skeletal warriors
  7 salamander mystics
  2 cherubim (Shoals:4)
  11 sea snakes
  3 flayed ghosts
  An orb spider (WizLab)
  3 glowing orange brains
  2 arcanists
  12 mana vipers
  13 naga ritualists
  A swamp dragon (Lair:5)
  2 obsidian statues (WizLab)
  66 deep trolls
  7 deep elf archers
  12 ironbound convokers
  9 lindwurms
  5 phantasmal warriors
  10 necromancers
  24 deep elf zephyrmancers
  A tengu zombie (Vaults:4)
  17 harpies
  A wolf spider (shapeshifter) (Vaults:1)
  27 deep elf pyromancers
  29 ugly things
  An iron dragon zombie (Vaults:4)
  A jorogumo skeleton (Crypt:1)
  11 fauns
  22 salamanders
  21 orc knights
  A faun (shapeshifter) (Vaults:1)
  8 orc sorcerers
  An elf skeleton (Vaults:4)
  4 oklob plants
  8 cyclopes
  A frost giant zombie (Vaults:4)
  A glowing shapeshifter (WizLab)
  10 manticores
  A worldbinder (WizLab)
  2 ice statues (IceCv)
  13 elephants
  2 kobold blastminers (Orc:2)
  Maurice (D:8)
  A fire giant skeleton (Crypt:1)
  18 naga magi
  3 merfolk sirens
  An elf zombie (Vaults:4)
  An orange demon (D:8)
  30 black mambas
  6 water nymphs
  10 guardian serpents
  14 cane toads
  18 vault sentinels
  3 gargoyles
  Jeremiah (D:6)
  An elephant slug zombie (Crypt:1)
  9 rime drakes
  A large abomination (WizLab)
  A minotaur zombie (Crypt:1)
  4 torpor snails (Lair:5)
  2 unseen horrors
  A dire elephant skeleton (WizLab)
  A kobold demonologist (D:11)
  A redback zombie (Crypt:1)
  50 yaktaurs
  2 hellions
  An alligator snapping turtle skeleton (Crypt:3)
  12 komodo dragons
  3 tengu conjurers
  An efreet (WizLab)
  2 freezing wraiths
  Psyche (D:8)
  A queen bee (Lair:3)
  5 trolls
  A yaktaur (shapeshifter) (Vaults:2)
  24 merfolk
  A polar bear (shapeshifter) (Depths:4)
  9 hornets
  2 polar bears
  5 wind drakes
  4 glass eyes
  13 blink frogs
  3 tyrant leeches (Lair:5)
  A culicivora zombie (Crypt:1)
  2 raiju (WizLab)
  22 dream sheep
  20 slime creatures
  A spriggan (shapeshifter) (D:15)
  A jumping spider (WizLab)
  3 snapping turtles (Shoals:3)
  2 shadows
  A jumping spider (shapeshifter) (D:14)
  60 yaks
  A yak (shapeshifter) (Elf:1)
  2 air elementals (Depths:2)
  2 wyverns
  5 basilisks
  12 water elementals
  8 fire elementals
  4 wraiths
  3 wargs
  A golden eye (Lair:5)
  A naga zombie (Crypt:3)
  7 redbacks (WizLab)
  A glowing shapeshifter zombie (Vaults:4)
  3 vampire mosquitoes (D:14)
  58 nagas
  4 steam dragons
  A swamp worm (shapeshifter) (Depths:3)
  2 hell hounds (Elf:1)
  An ogre skeleton (Vaults:4)
  17 water moccasins
  2 acid dragons
  A meliai simulacrum (D:14)
  A swamp drake (Lair:5)
  31 orc warriors
  3 black bears
  28 laughing skulls
  2 ice beasts
  9 ogres
  An elephant zombie (Crypt:2)
  19 wolves
  22 centaurs
  A phantom (D:6)
  7 kobold brigands
  10 bullfrogs
  A scorpion (D:6)
  A yaktaur skeleton (Crypt:1)
  6 earth elementals
  4 wights
  A queen bee zombie (Crypt:1)
  5 lindwurm simulacra (IceCv)
  31 killer bees
  A raiju skeleton (Crypt:1)
  10 howler monkeys
  A spriggan skeleton (Crypt:2)
  2 electric eels (Lair:4)
  A bombardier beetle (D:3)
  3 komodo dragon simulacra (IceCv)
  23 orc priests
  3 hounds
  A gnoll bouda (D:6)
  Jessica (D:3)
  7 iguanas
  Terence (D:3)
  3 sleepcaps
  24 orc wizards
  A sky beast zombie (Crypt:2)
  Robin (D:3)
  7 gnolls
  4 acid dragon simulacra (IceCv)
  9 adders
  A shadow imp (D:6)
  A white imp (D:7)
  9 steam dragon simulacra (IceCv)
  An iguana zombie (Crypt:2)
  A jelly zombie (Crypt:2)
  2 ribbon worms (D:4)
  4 dart slugs
  62 orcs
  11 endoplasms
  5 giant cockroaches
  13 goblins
  11 hobgoblins
  7 jackals
  3 quokkas
  8 ball pythons
  5 bats
  5 frilled lizards
  A gnoll skeleton (Crypt:2)
  A hobgoblin zombie (Crypt:2)
  33 kobolds
  A quokka zombie (Crypt:2)
  5 rats
  A butterfly (Lair:4)
  A fire vortex (Crypt:2)
  2 starspawn tentacles (WizLab)
1975 creatures vanquished.

Vanquished Creatures (collateral kills)
  A walking crystal tome (Depths:3)
  A revenant (Crypt:2)
  A stone giant (Depths:4)
  A sphinx zombie (Crypt:2)
  An orc high priest (Crypt:1)
  A skeletal warrior (Crypt:2)
  A pale draconian zombie (Crypt:1)
  A hornet (Depths:3)
  2 goblins (D:3)
  A hobgoblin (D:3)
11 creatures vanquished.

Vanquished Creatures (others)
  A tengu conjurer (D:15)
  A human zombie (Depths:2)
  An orc priest (Orc:2)
  An orc wizard (Orc:2)
  76 fire vortices
  315 foxfires
  8 tentacles (Shoals:3)
403 creatures vanquished.

Grand Total: 2389 creatures vanquished

Notes
Turn   | Place    | Note
-------+----------+-------------------------------------------
     0 | D:1      | Laraso the Draconian Fire Elementalist began the quest for
                  | the Orb.
     0 | D:1      | Reached XP level 1. HP: 14/14 MP: 3/3
   254 | D:1      | Reached XP level 2. HP: 20/20 MP: 5/5
   335 | D:1      | Learned a level 2 spell: Scorch
   864 | D:1      | Reached XP level 3. HP: 25/26 MP: 4/7
  1611 | D:2      | Found a shadowy altar of Dithmenos.
  1816 | D:3      | Reached XP level 4. HP: 33/33 MP: 6/10
  1964 | D:3      | Noticed Jessica
  1967 | D:3      | Killed Jessica
  2044 | D:3      | Noticed Robin
  2099 | D:3      | Killed Robin
  2179 | D:3      | Noticed Terence
  2183 | D:3      | Reached XP level 5. HP: 38/38 MP: 6/11
  2334 | D:3      | Reached skill level 4 in Fire Magic
  2386 | D:3      | Learned a level 4 spell: Flame Wave
  2543 | D:3      | Killed Terence
  2868 | D:4      | Noticed an ogre
  2878 | D:4      | Killed an ogre
  2879 | D:4      | Reached XP level 6. HP: 45/45 MP: 5/12
  3002 | D:4      | Found a shimmering altar of Xom.
  3005 | D:4      | Found a shimmering blue altar of Sif Muna.
  3013 | D:4      | Found an iron altar of Okawaru.
  3015 | D:4      | Found an ancient bone altar of Kikubaaqudgha.
  3016 | D:4      | Found a shadowy altar of Dithmenos.
  3019 | D:4      | Became a worshipper of Sif Muna the Loreminder
  3032 | D:4      | Found a blossoming altar of Fedhas.
  3378 | D:4      | Found a white marble altar of Elyvilon.
  3401 | D:4      | Reached skill level 5 in Fire Magic
  3484 | D:4      | Your scales start taking on a fiery red colour.
  3484 | D:4      | Reached skill level 6 in Fire Magic
  3484 | D:4      | Reached XP level 7. HP: 44/50 MP: 7/13
  3484 | D:4      | Gained mutation: Your flesh is heat resistant. (rF+) [Red
                  | Draconian growth]
  3851 | D:4      | Learned a level 3 spell: Volatile Blastmotes
  3903 | D:4      | Reached * piety under Sif Muna
  4231 | D:5      | Entered Level 5 of the Dungeon
  4288 | D:5      | Reached skill level 5 in Conjurations
  4375 | D:5      | Found a staircase to the Ecumenical Temple.
  5346 | D:5      | Reached XP level 8. HP: 57/57 MP: 9/14
  5543 | D:6      | Reached skill level 5 in Spellcasting
  5993 | D:6      | Learned a level 2 spell: Blink
  6426 | D:6      | Noticed Jeremiah
  6704 | D:6      | Killed Jeremiah
  6993 | D:7      | Reached XP level 9. HP: 62/62 MP: 17/20
  7056 | D:7      | Reached ** piety under Sif Muna
  7420 | D:7      | Noticed a two-headed ogre
  7423 | D:7      | Killed a two-headed ogre
  7424 | D:7      | Reached skill level 7 in Fire Magic
  7424 | D:7      | Reached skill level 5 in Invocations
  7426 | D:7      | Reached skill level 8 in Fire Magic
  7975 | D:8      | Noticed Maurice
  8193 | D:8      | Noticed Psyche
  8222 | D:8      | Killed Psyche
  8223 | D:8      | Reached skill level 9 in Fire Magic
  8295 | D:8      | Killed Maurice
  8296 | D:8      | Reached skill level 1 in Fighting
  8296 | D:8      | Reached XP level 10. HP: 38/71 MP: 15/22
  8296 | D:8      | Noticed Amaemon
  8310 | D:8      | Noticed an orange demon
  8450 | D:8      | Killed an orange demon
  8473 | D:8      | Killed Amaemon
  8640 | D:8      | Reached skill level 5 in Fighting
  8695 | D:8      | Reached skill level 1 in Maces & Flails
  8744 | D:8      | Reached *** piety under Sif Muna
  8888 | D:8      | You fall into a shaft and drop 2 floors!
  8888 | D:10     | Entered Level 10 of the Dungeon
  8948 | D:10     | Found a hide-covered altar of Uskayaw.
  9068 | D:9      | Found a staircase to the Orcish Mines.
  9069 | D:9      | Noticed a gargoyle
  9075 | D:9      | Killed a gargoyle
  9561 | D:8      | Found a sacrificial altar of Ru.
  9715 | D:9      | Noticed a two-headed ogre
  9719 | D:9      | Killed a two-headed ogre
  9823 | D:9      | Noticed a death yak
  9851 | D:9      | Killed a death yak
  9852 | D:9      | Reached skill level 5 in Dodging
  9852 | D:9      | Reached XP level 11. HP: 29/89 MP: 19/23
 10167 | D:9      | Noticed a death yak
 10168 | D:9      | Found a staircase to the Lair.
 10168 | D:9      | Noticed a death yak
 10168 | D:9      | Noticed a death yak
 10174 | D:9      | Noticed a death yak
 10469 | D:9      | Killed a death yak
 10470 | D:9      | Reached skill level 5 in Maces & Flails
 10569 | D:9      | Killed a death yak
 10667 | D:9      | Killed a death yak
 10893 | D:9      | Killed a death yak
 11091 | D:9      | Found a sparkling altar of Nemelex Xobeh.
 11091 | D:9      | Found a stormy altar of Qazlal.
 11130 | Lair:1   | Entered Level 1 of the Lair of Beasts
 11390 | Lair:1   | Reached **** piety under Sif Muna
 12138 | Lair:1   | Reached XP level 12. HP: 65/96 MP: 5/24
 12429 | Lair:1   | Noticed Neqioxon's ghost (journeyman MiFi)
 12523 | Lair:1   | Found a runed translucent gate.
 12523 | Lair:1   | Found a runed translucent gate.
 12523 | Lair:1   | Found a runed translucent gate.
 12949 | Lair:2   | Reached skill level 10 in Maces & Flails
 13391 | Lair:2   | Noticed a death yak
 13400 | Lair:2   | Noticed a death yak
 13401 | Lair:2   | Noticed a death yak
 13403 | Lair:2   | Noticed a death yak
 13403 | Lair:2   | Killed a death yak
 13426 | Lair:1   | Killed a death yak
 13655 | Lair:2   | Killed a death yak
 13677 | Lair:2   | Killed a death yak
 13781 | Lair:2   | Found a runed translucent gate.
 13785 | Lair:2   | Found a runed translucent gate.
 13785 | Lair:2   | Found a runed translucent gate.
 13785 | Lair:2   | Noticed VoidStrider's ghost (journeyman OnFE)
 13793 | Lair:2   | Learned a level 6 spell: Bombard
 13831 | Lair:2   | Reached skill level 1 in Earth Magic
 13897 | Lair:2   | Killed VoidStrider's ghost
 14041 | Lair:2   | Found a blossoming altar of Fedhas.
 14651 | Lair:3   | Found a staircase to the Shoals.
 14843 | Lair:2   | Reached XP level 13. HP: 39/102 MP: 18/25
 15228 | Lair:3   | Found a staircase to the Snake Pit.
 15297 | Lair:3   | Reached skill level 5 in Earth Magic
 15755 | Lair:3   | Reached ***** piety under Sif Muna
 16447 | Lair:4   | Noticed Snorg
 16458 | Lair:4   | Killed Snorg
 16582 | Lair:4   | Found a frozen archway.
 16592 | IceCv    | Entered an ice cave
 16649 | IceCv    | Received a gift from Sif Muna
 16650 | IceCv    | Got Sif Muna's Encyclopedia of Conjuration {god gift}
 17553 | IceCv    | Identified the ring "Unoehybe" {Fire Will+}
 17702 | Lair:4   | Found a viscous altar of Jiyva.
 17702 | Lair:4   | Found a staircase to the Slime Pits.
 17797 | Lair:4   | Reached skill level 10 in Conjurations
 18305 | Lair:4   | Identified 3 scrolls of acquirement
 18306 | Lair:4   | Acquired a staff of conjuration
 18308 | Lair:4   | Acquired the +0 cloak of Integrity {Slay+2}
 18311 | Lair:4   | Acquired 785 gold pieces
 18339 | Lair:5   | Entered Level 5 of the Lair of Beasts
 18339 | Lair:5   | Found the +3 pair of mountain boots {steadfast, rC+}
 19472 | Lair:4   | Received a gift from Sif Muna
 19473 | Lair:4   | Got Sif Muna's Annotations on Conflict {god gift}
 19484 | Lair:4   | Learned a level 6 spell: Starburst
 19600 | Lair:5   | Reached XP level 14. HP: 110/110 MP: 4/26
 20209 | Lair:5   | Reached skill level 10 in Dodging
 21901 | D:10     | Noticed Harold
 21913 | D:10     | Killed Harold
 22137 | D:10     | Received a gift from Sif Muna
 22145 | D:10     | Got Sif Muna's Annotations on Mighty Breath {god gift}
 22178 | D:10     | Learned a level 5 spell: Fireball
 22525 | D:11     | Found Ifuw's Fire Supplies.
 22538 | D:11     | Bought a +0 pair of gloves of fire resistance for 172 gold
                  | pieces
 23639 | D:12     | Found a radiant altar of Vehumet.
 24214 | Orc:1    | Entered Level 1 of the Orcish Mines
 24396 | Orc:2    | Entered Level 2 of the Orcish Mines
 24444 | Orc:2    | Noticed Urug
 25787 | D:13     | Found a gate to the Vaults.
 25793 | D:13     | Reached skill level 10 in Spellcasting
 26262 | D:14     | Received a gift from Sif Muna
 26263 | D:14     | Got Haggoa's Folio of Flamy Conjuring {god gift}
 26496 | D:14     | Reached XP level 15. HP: 115/115 MP: 14/29
 26496 | D:14     | Noticed Nessos
 26499 | D:14     | Nessos changed into Nessos the sea snake
 26499 | D:14     | Noticed Nessos
 26502 | D:14     | Killed Nessos the sea snake
 26607 | D:14     | Identified the +0 robe of a bazaar {Str+3}
 26710 | D:14     | Identified the death talisman of Divine Intervention {rF-
                  | rC++ Dex+7}
 27348 | D:15     | Entered Level 15 of the Dungeon
 27689 | Orc:2    | Killed Urug
 27839 | Orc:2    | Received a gift from Sif Muna
 27840 | Orc:2    | Got Sif Muna's Vademecum on Star-crossed Geometry {god
                  | gift}
 27865 | Orc:2    | Learned a level 9 spell: Fire Storm
 28012 | Orc:2    | Found Jishyimif's Antique Weapon Boutique.
 28044 | Orc:2    | Found Hapoew Padu's Jewellery Boutique.
 28146 | Orc:2    | Found Zuatewomp's General Store.
 28389 | Orc:2    | Found a staircase to the Elven Halls.
 28470 | Orc:2    | Found Jextahes's General Store.
 28485 | Orc:2    | Found Bock's Antique Armour Boutique.
 29335 | D:15     | Found a portal to a secret trove of treasure.
 29466 | D:15     | Reached skill level 10 in Fire Magic
 29610 | D:15     | Found a staircase to the Depths.
 29995 | Shoals:1 | Entered Level 1 of the Shoals
 30030 | Shoals:1 | Noticed Frances
 30362 | Snake:1  | Entered Level 1 of the Snake Pit
 30457 | Snake:1  | Reached skill level 11 in Fire Magic
 30893 | Snake:1  | Found a runed translucent door.
 31339 | Snake:1  | Received a gift from Sif Muna
 31342 | Snake:1  | Got Sif Muna's Parchment of the Crystalline Welkin {god
                  | gift}
 31443 | Snake:1  | Reached skill level 12 in Fire Magic
 31551 | Snake:1  | Found Vunam's General Store.
 31560 | Snake:1  | Reached XP level 16. HP: 122/122 MP: 22/32
 31626 | Snake:1  | Found Ixelenni's Vocational Training.
 31638 | Snake:1  | Bought a potion of heal wounds for 90 gold pieces
 31659 | Snake:1  | Bought a manual of Invocations for 880 gold pieces
 32330 | Snake:2  | Reached skill level 13 in Fire Magic
 33023 | Snake:2  | Reached skill level 14 in Fire Magic
 33204 | Snake:2  | Reached skill level 15 in Conjurations
 33679 | Snake:2  | Found Ycetaziv's Magic Scroll Boutique.
 34196 | Snake:3  | Found Nuidej's Antique Armour Shoppe.
 34262 | Snake:3  | Received a gift from Sif Muna
 34267 | Snake:3  | Got Sif Muna's Secrets of Weathered Fire {god gift}
 34458 | Snake:3  | Reached skill level 15 in Fire Magic
 35534 | Snake:4  | Entered Level 4 of the Snake Pit
 35539 | Snake:4  | Reached skill level 16 in Fire Magic
 35589 | Snake:4  | Reached XP level 17. HP: 128/128 MP: 28/33
 35636 | Snake:4  | Found Uschivi's Jewellery Shop.
 35644 | Snake:4  | Bought the ring of Kuegytep {rC+ Will+ MP+9} for 594 gold
                  | pieces
 35919 | Snake:4  | Found Ditu's Magic Scroll Boutique.
 35921 | Snake:4  | Bought a scroll of teleportation for 51 gold pieces
 35921 | Snake:4  | Bought a scroll of blinking for 127 gold pieces
 36237 | Snake:4  | Found Noinys's Distillery.
 36583 | Snake:3  | Learned a level 7 spell: Orb of Destruction
 36902 | Snake:4  | Found Boacy's Armour Shop.
 37171 | Snake:4  | Reached skill level 10 in Invocations
 37834 | Snake:4  | Received a gift from Sif Muna
 38097 | Snake:4  | Got a serpentine rune of Zot
 38606 | Lair:3   | Killed Frances
 38655 | Shoals:1 | Reached skill level 15 in Invocations
 39072 | Shoals:1 | Noticed Donald
 39074 | Shoals:1 | Killed Donald
 39455 | Shoals:2 | Noticed Ilsuiw
 40066 | Shoals:2 | Killed Ilsuiw
 40284 | Shoals:2 | Received a gift from Sif Muna
 40285 | Shoals:2 | Got Sif Muna's Vellum of Glowing Violence {god gift}
 40743 | Shoals:2 | Found the +4 consecrated labrys {holy, Valiant ^Fragile Fly
                  | SInv}
 40773 | Shoals:2 | Noticed Jorgrun
 40778 | Shoals:2 | Killed Jorgrun
 40782 | Shoals:2 | Identified the staff of Discord {rElec rPois rC+ Int-3 Conj
                  | Ice Alchemy}
 40967 | Shoals:3 | Reached XP level 18. HP: 135/135 MP: 2/34
 41181 | Shoals:3 | Found Tayd's Jewellery Boutique.
 42504 | Shoals:4 | Entered Level 4 of the Shoals
 42803 | Shoals:4 | Reached skill level 17 in Fire Magic
 43337 | Shoals:4 | Identified the +7 battleaxe of Destiny {vamp, ^Fragile
                  | Int+3 Dex+5}
 43570 | Shoals:4 | Received a gift from Sif Muna
 43636 | Shoals:4 | Found a white marble altar of Elyvilon.
 43835 | Shoals:4 | Found a glowing silver altar of Zin.
 43953 | Shoals:4 | Got the Tome of Degeneration and the Wyrd
 43956 | Shoals:4 | Got a barnacled rune of Zot
 44060 | Shoals:4 | Found a glowing golden altar of the Shining One.
 44074 | Shoals:4 | Reached skill level 18 in Fire Magic
 44197 | Shoals:4 | Identified the staff "Bonityr" {rCorr Str+2 Tloc Earth}
 44205 | Shoals:4 | Identified the ring "Emaytiaz" {rF+ Int+6}
 44479 | Elf:1    | Entered Level 1 of the Elven Halls
 45108 | Elf:1    | Acquired the +1 pair of gloves of the Salamander {rElec}
 45112 | Elf:1    | Acquired the ring "Sopat" {rElec Str+3 Dex+6 Slay+4}
 45491 | Elf:1    | Received a gift from Sif Muna
 45495 | Elf:1    | Got Sif Muna's Incunable of Overcast Invitation {god gift}
 45982 | Elf:1    | Noticed Azrael
 45989 | Elf:1    | Killed Azrael
 46086 | Elf:1    | Reached skill level 19 in Fire Magic
 46093 | Elf:1    | Reached XP level 19. HP: 124/141 MP: 32/35
 46865 | Elf:2    | Identified the serpent talisman "Ogoawkipn" {Int+4 SInv}
 46865 | Elf:2    | Noticed Aizul
 47035 | Elf:2    | Killed Aizul
 47774 | Elf:2    | Found a runed translucent gate.
 47774 | Elf:2    | Found a runed translucent gate.
 47776 | Elf:2    | Found a runed translucent gate.
 47847 | Elf:3    | Entered Level 3 of the Elven Halls
 48400 | Elf:3    | Identified the +8 battleaxe of Toyrhuk {venom, rF+ rN+
                  | Str+2}
 48409 | Elf:3    | Received a gift from Sif Muna
 48410 | Elf:3    | Got Sif Muna's Commentary on Outbursts {god gift}
 48420 | Elf:2    | Noticed Nikola
 48631 | Elf:3    | Reached skill level 20 in Fire Magic
 48655 | Elf:3    | Identified the ring of Ascent {Will+ EV+5 Int+3 Dex+5}
 48655 | Elf:3    | Found the +2 cloak of the Thief {*Fog Slay-2 SInv Stlth+}
 48801 | Elf:3    | Identified the +0 scale mail "Socryrei" {Str+6}
 49036 | Elf:3    | Identified the +4 scale mail of the Equator {Str+2 Slay+2}
 49561 | Elf:3    | Identified the +9 longbow of the Filigreed God {flame,
                  | rPois rCorr MP+9 Dex+3}
 50451 | Vaults:1 | Entered Level 1 of the Vaults
 51378 | Vaults:1 | Found Mank's Weapon Boutique.
 51485 | Vaults:1 | Reached XP level 20. HP: 157/157 MP: 22/36
 51578 | Vaults:1 | Noticed Asterion
 51588 | Vaults:1 | Killed Asterion
 51772 | Vaults:1 | Received a gift from Sif Muna
 52155 | Vaults:1 | Got Sif Muna's Handbook of Wild Venin {god gift}
 52164 | Vaults:1 | Reached skill level 10 in Fighting
 53095 | Vaults:1 | Identified the +0 helmet of Beogh, Healing {rElec rF- rN+}
 53546 | Snake:2  | Bought a scroll of amnesia for 56 gold pieces
 54110 | Vaults:2 | Found a magical portal.
 54120 | WizLab   | Entered The Roulette of Golubria
 54120 | WizLab   | Found a transporter.
 54124 | WizLab   | Found a corrupted altar of Lugonu.
 54204 | WizLab   | Found a corrupted altar of Lugonu.
 54207 | WizLab   | Found a transporter.
 54310 | WizLab   | Found a transporter.
 54311 | WizLab   | Found the +1 cloak of Starlight {*Dazzle EV+4 Stlth--}
 54338 | WizLab   | Found a transporter.
 54494 | WizLab   | Found a transporter.
 54494 | WizLab   | Found a transporter.
 54511 | WizLab   | Found a transporter.
 54563 | WizLab   | Found a corrupted altar of Lugonu.
 54579 | WizLab   | Found a corrupted altar of Lugonu.
 54812 | WizLab   | Found a transporter.
 54812 | WizLab   | Found a transporter.
 54935 | WizLab   | Found a transporter.
 54935 | WizLab   | Found a transporter.
 55000 | WizLab   | Found a transporter.
 55046 | WizLab   | Found a transporter.
 55046 | WizLab   | Found a transporter.
 55046 | WizLab   | Found a corrupted altar of Lugonu.
 55115 | WizLab   | Found a transporter.
 55115 | WizLab   | Found a transporter.
 55133 | WizLab   | Got the Teachings on Orientation
 55151 | WizLab   | Found a transporter.
 55169 | WizLab   | Got Golubria's Textbook on the Traveller
 55185 | WizLab   | Found a transporter.
 55185 | WizLab   | Found a transporter.
 55452 | WizLab   | Reached skill level 15 in Dodging
 55455 | WizLab   | Identified the +2 cloak "Faokkut" {Dex+3}
 55696 | Vaults:2 | Noticed Boris
 55742 | Vaults:2 | Killed Boris
 55872 | Vaults:2 | Found Qieth's Antique Armour Shop.
 55881 | Vaults:2 | Bought an embroidered hat for 259 gold pieces
 55881 | Vaults:2 | Bought a runed orb for 444 gold pieces
 56595 | Vaults:2 | Reached XP level 21. HP: 174/174 MP: 18/37
 56603 | Vaults:2 | Received a gift from Sif Muna
 56604 | Vaults:2 | Got Sif Muna's Tome of the Fjord and Doom {god gift}
 57624 | Vaults:2 | Identified the +5 sling of Day {freeze, rC- Will+ rCorr
                  | Stlth+}
 58274 | Snake:4  | Bought a scroll of enchant armour for 127 gold pieces
 59236 | Vaults:3 | Acquired a manual of Fighting
 59255 | Vaults:3 | Learned a level 8 spell: Ignition
 59327 | Vaults:3 | Learned a level 3 spell: Swiftness
 59680 | Vaults:3 | Reached skill level 1 in Translocations
 59680 | Vaults:3 | Reached skill level 1 in Air Magic
 60110 | Vaults:3 | Found a staircase to the Crypt.
 60232 | Vaults:3 | Found Nosko's Antique Weapon Shoppe.
 60344 | Vaults:3 | Found a runed translucent gate.
 60344 | Vaults:3 | Found a runed translucent gate.
 60344 | Vaults:3 | Found a runed translucent gate.
 60345 | Vaults:3 | Noticed Tiej's ghost (adept MiFi)
 61132 | Vaults:4 | Received a gift from Sif Muna
 61222 | Vaults:4 | Got Sif Muna's Quarto of Baleful Firn {god gift}
 61297 | Vaults:4 | Reached skill level 15 in Spellcasting
 62270 | Vaults:4 | Acquired a manual of Spellcasting
 62335 | Vaults:4 | Found Akhlu's Book Boutique.
 62494 | Vaults:4 | Found a runed translucent door.
 62494 | Vaults:4 | Found a shimmering altar of Xom.
 62494 | Vaults:4 | Noticed Tiej's ghost (adept MiFi)
 62714 | Vaults:4 | Identified the +0 robe of Xom's Favour {Str+2 Dex+5}
 63162 | Depths:1 | Entered Level 1 of the Depths
 63227 | Depths:1 | Reached XP level 22. HP: 181/181 MP: 18/42
 63437 | Depths:1 | Received a gift from Sif Muna
 63438 | Depths:1 | Got Sif Muna's Codex of the Grave {god gift}
 63500 | D:15     | Learned a level 6 spell: Plasma Beam
 63507 | Depths:1 | Reached skill level 21 in Fire Magic
 63681 | Depths:1 | Found an ornate altar of the Wu Jian Council.
 63727 | Depths:1 | Noticed tmcgee265's ghost (adept FoBr)
 63729 | Depths:1 | Found a bloodstained altar of Trog.
 63730 | Depths:1 | Found a transporter.
 63730 | Depths:1 | Noticed a juggernaut
 63736 | Depths:1 | Found a transporter.
 63896 | Depths:1 | Reached skill level 22 in Fire Magic
 63950 | Depths:1 | Found a one-way gate to the infinite horrors of the Abyss.
 64361 | Depths:1 | Reached skill level 23 in Fire Magic
 64398 | Depths:1 | Found a gateway to Hell.
 65156 | Depths:2 | Reached skill level 24 in Fire Magic
 66002 | Depths:2 | Reached skill level 25 in Fire Magic
 66032 | Depths:2 | Identified the +0 halberd "Sinofroe" {flame, rN+ Will+++
                  | Str-5 SInv}
 66094 | Depths:1 | Received a gift from Sif Muna
 67021 | Depths:2 | Found Inodghubu's Book Boutique.
 67124 | Depths:2 | Paralysed by an air elemental for 1 turns
 67786 | Depths:2 | Found a one-way gate leading to the halls of Pandemonium.
 67846 | Depths:3 | Found a one-way gateway to a ziggurat.
 67904 | Depths:3 | Reached skill level 26 in Fire Magic
 68782 | Depths:3 | Received a gift from Sif Muna
 68788 | Depths:3 | Got Sif Muna's Elucidation of Attendants {god gift}
 69037 | Depths:3 | Reached XP level 23. HP: 188/188 MP: 26/43
 69649 | Depths:3 | Reached skill level 27 in Fire Magic
 70062 | Depths:3 | Noticed a caustic shrike
 70066 | Depths:3 | Killed a caustic shrike
 70212 | Depths:3 | Noticed an ancient lich
 70214 | Depths:3 | Killed an ancient lich
 70428 | Depths:3 | Identified the +4 dagger "Ruhifarph" {freeze, *Rage rElec
                  | Str+6 Dex-4}
 70594 | Depths:4 | Entered Level 4 of the Depths
 70652 | Depths:4 | Reached skill level 15 in Fighting
 71711 | Depths:4 | Acquired the +7 lajatang of Order {silver, rMut}
 71711 | Depths:4 | Found the +7 lajatang of Order {silver, rMut}
 71746 | Depths:4 | Found a gate to the Realm of Zot.
 71972 | Depths:4 | Noticed a juggernaut
 71976 | Depths:4 | Killed a juggernaut
 72217 | Depths:4 | Noticed Grunn
 72218 | Depths:4 | Received a gift from Sif Muna
 72220 | Depths:4 | Killed Grunn
 72272 | Depths:4 | Identified the +2 chain mail of Wasoeduf {-Tele rF- Regen+
                  | Dex+6}
 72760 | Depths:4 | Learned a level 8 spell: Lehudib's Crystal Spear
 73059 | Crypt:1  | Entered Level 1 of the Crypt
 73684 | Crypt:1  | Noticed Saint Roka
 73690 | Crypt:1  | Killed Saint Roka
 74261 | Crypt:1  | Acquired a manual of Earth Magic
 75088 | Crypt:2  | Noticed Margery
 75089 | Crypt:2  | Received a gift from Sif Muna
 75186 | Crypt:2  | Noticed Boris
 75189 | Crypt:2  | Killed Boris
 75190 | Crypt:2  | Reached skill level 10 in Earth Magic
 75668 | Crypt:2  | Killed Margery
 75669 | Crypt:2  | Reached XP level 24. HP: 210/210 MP: 6/43
 75975 | Crypt:2  | Found an ancient bone altar of Kikubaaqudgha.
 76071 | Crypt:3  | Entered Level 3 of the Crypt
 76712 | Crypt:3  | Received a gift from Sif Muna
 76986 | Crypt:3  | Killed from afar by a laughing skull

Illustrated notes

Levels and vault maps discovered:
D:1:      nzn_arrival_crosshair, layout_basic
D:2:      layout_rooms, basic_altar
D:3:      layout_basic, kennysheep_potato, uniq_robin, uniq_jessica,
          uniq_terence
D:4:      wad_river_or_something, layout_basic, elyvilon_altar_4,
          kennysheep_mini_moat, grunt_temple_overflow_open,
          minmay_splitting_lines
D:5:      layout_loops_cross, minmay_temple_entry_statues_pillars
D:6:      layout_cave_pods, dk_noncrumbling_4, dreamdust_princess_corridor,
          st_stairs_5, chequers_serial_rivers_small_b, uniq_jeremiah
D:7:      layout_basic
D:8:      layout_cave_pools, kennysheep_mini, uniq_psyche, uniq_maurice,
          uniq_amaemon
D:9:      layout_roguey, gammafunk_temple_overflow_elements, dpeg_lair_monsters,
          orc_0_dummy
D:10:     layout_roguey, mainiacjoe_overflow_chevrons, uniq_harold
D:11:     layout_stronghold, nicolae_shop_fire_sale [nicolae_sub_dead_trees]
D:12:     layout_roguey, nicolae_vehumet_radiance
D:13:     layout_basic, david_vaults_4
D:14:     layout_basic, kennysheep_generic_room_8, uniq_nessos
D:15:     grunt_enter_depths_snipers, layout_rooms, enter_trove_0
Lair:1:   layout_regular_city, gammafunk_ghost_split, infiniplex_staircase_pool,
          grunt_megastairs_4
Lair:2:   layout_misc_corridors, ebering_ghost_rock_garden,
          hangedman_tree_tricks, serial_bayou_lake_a
Lair:3:   layout_roguey [special_room_bee], nicolae_shoals_entry_roost,
          guppyfry_snake_entry_garden
Lair:4:   layout_gridlike, slime_entry_1, portal_ice_cave_entry_pillars_1,
          lemuel_fruit_fields, serial_bayou_shore_b, uniq_snorg
Lair:5:   guppyfry_lair_end_dragon, layout_regular_city, wormcave,
          disabler_island, grunt_megastairs_2
Shoals:1: layout_shoals, uniq_frances, uniq_donald
Shoals:2: layout_shoals, centaur_isle, uniq_jorgrun, uniq_ilsuiw
Shoals:3: layout_shoals, serial_shops, shop
Shoals:4: shoals_end_hellmonk_holy_island
Snake:1:  cheibrodos_toxic_ritual, layout_rooms, serial_shops,
          nicolae_shop_getting_attention, nicolae_shop_vocational
Snake:2:  layout_onion, serial_shops, shop, nicolae_snake_gridmaze_swirls,
          st_stairs_9, grunt_megastairs_5
Snake:3:  layout_onion_interference, serial_shops, shop, grunt_ministairs_3,
          serial_bayou_shore_b
Snake:4:  grunt_snake_rune_serpentine_throne, layout_chambers, serial_shops,
          nicolae_shop_pleasant_corner_grove, nicolae_shop_real_fake_doors,
          shop, shop
Orc:1:    layout_caves
Orc:2:    grunt_orc_cross, layout_caves, serial_shops, nicolae_shop_peninsula,
          basic_altar
Elf:1:    elf_arrival_002, layout_geoelf_octagon, minmay_elf_annihilation,
          uniq_azrael
Elf:2:    nicolae_elf_blades_splatter_lattice [mumra_blade_entry_bloodbath],
          layout_geoelf_diagonals, uniq_nikola, uniq_aizul
Elf:3:    grunt_elf_hall_spiral, layout_geoelf_grid
Vaults:1: nicolae_vaults_tetromino_T_1, v_alt_pattern_1,
          nicolae_vaults_little_squares_4, nicolae_vaults_tetromino_L_1,
          nicolae_vaults_branching_niches,
          nicolae_vaults_taking_the_gang_shopping,
          nicolae_vaults_cornered_office, v_misc_27, nicolae_vaults_prndl,
          nicolae_vaults_circle_grid_a, nicolae_vaults_tetromino_T_2,
          nicolae_vaults_weapon_check, nicolae_vaults_wrenched,
          layout_vaults_omnibox, uniq_asterion
Vaults:2: mu_enter_wizlab_4, nicolae_vaults_circle_grid_a,
          nicolae_vaults_closet_pinwheel_5, v_rooms_2,
          nicolae_vaults_stepped_doors, nicolae_vaults_what_the_h,
          nicolae_vaults_three_branches, nicolae_vaults_cochlea,
          hangedman_vaults_locks, st_cross, serial_ice_b,
          vaults_room_semicircle, nicolae_vaults_house_1,
          layout_vaults_chaotic_city, serial_shops, nicolae_square_shop,
          uniq_boris
Vaults:3: gammafunk_ghost_spectres, nicolae_vaults_prndl,
          minmay_crypt_entry_simple_plaza, v_misc_9, v_pattern_3, v_misc_25,
          v_misc_19, v_alt_pattern_6, layout_vaults_omnigrid, serial_shops, shop
Vaults:4: ebering_ghost_xom, ontoclasm_vaults_hangar,
          nicolae_vaults_apartment_1, v_rooms_4, nicolae_vaults_asterisk,
          v_misc_5, v_misc_28, vaults_mumra_lcd,
          serial_library_hellmonk_angled_corner,
          nicolae_vaults_yaktaur_gun_rack, v_misc_33,
          ontoclasm_vaults_decontamination, v_misc_2, special_room_vaults
          [special_room_orc], vaults_room_fancy_cross, vaults_room_hallway,
          layout_vaults_big_cross, serial_shops, shop
Crypt:1:  layout_regular_city, minivault_11, uniq_saint_roka
Crypt:2:  layout_misc_corridors, lemuel_statue_altar, uniq_margery
Crypt:3:  cryptofortress_bobbens, uniq_sojobo, uniq_frederick
Depths:1: layout_basic, bh_walls_and_bars,
          nicolae_abyss_entry_one_way_or_another,
          gammafunk_ghost_wrathful_warriors, pf_dread_powers_of_hell,
          nzn_wu_jian_contemplation
Depths:2: minmay_bubble_buster, layout_basic, grunt_hell_horde, serial_shops,
          nicolae_shop_competitors_out_of_business, grunt_pan_entry_zigzag,
          dreamdust_looks_like_rain
Depths:3: minmay_rotating_shell, layout_cave_shapes, enter_ziggurat_f,
          abyss_entry, nicolae_the_louvre, hell_entry, serial_bayou_pond_c,
          infiniplex_staircase_pillars_1
Depths:4: grunt_crosshair, layout_basic, abyss_entry_crystal,
          chequers_serial_rivers_micro_b, hell_entry, uniq_grunn

Skill      XL: |  1  2  3  4  5  6  7  8  9 10 11 12 13 14 15 16 17 18 19 20 21 22 23 24 |
---------------+-------------------------------------------------------------------------+-----
Spellcasting   | 3 4 7 8 10 12 16 | 16.0
Conjurations   | 2 3 4 6 8 12 13 15 16 18 20 21 22 | 22.0
Fire Magic     | 4 6 9 12 16 19 20 26 27 | 27.0
Invocations    | 3 4 8 16 | 16.0
Fighting       | 1 6 8 12 16 | 16.0
Maces & Flails | 4 9 12 | 12.0
Dodging        | 5 8 12 13 16 | 16.0
Earth Magic    | 4 7 8 10 12 | 12.8
Translocations | 3 |  3.0
Air Magic      | 4 |  4.0
Stealth        | |  1.7

Action                     |  1- 3 |  4- 6 |  7- 9 | 10-12 | 13-15 | 16-18 | 19-21 | 22-24 || total
---------------------------+-------+-------+-------+-------+-------+-------+-------+-------++-------
  Melee: Whip              |    55 |       |       |   151 |   107 |    62 |    46 |       ||   421
         Mace              |    35 |    26 |       |       |       |       |       |       ||    61
         Tailslap          |    10 |     2 |     5 |    30 |    21 |    24 |     9 |     2 ||   103
         War axe           |       |     9 |     8 |       |       |       |       |       ||    17
         Dagger            |       |       |    29 |     2 |       |       |       |       ||    31
         Punch             |       |       |       |     4 |     2 |       |     3 |       ||     9
         Staff             |       |       |       |       |     9 |     6 |     3 |     4 ||    22
         Eveningstar       |       |       |       |       |       |    17 |     5 |     8 ||    30
   Fire: Orcbow            |     5 |       |       |       |       |       |       |       ||     5
   Cast: Foxfire           |    36 |    41 |    56 |    12 |    44 |       |       |       ||   189
         Scorch            |     5 |    38 |   112 |   169 |   278 |    23 |    52 |    13 ||   690
         Flame Wave        |       |       |     4 |    18 |    56 |    15 |     1 |       ||    94
         Volatile Blastmot |       |       |     3 |     1 |     3 |       |       |       ||     7
         Blink             |       |       |     1 |       |     3 |     1 |       |     4 ||     9
         Starburst         |       |       |       |       |    62 |    79 |   133 |    52 ||   326
         Fireball          |       |       |       |       |   176 |   448 |   428 |   130 ||  1182
         Bombard           |       |       |       |       |    13 |    36 |       |       ||    49
         Orb of Destructio |       |       |       |       |       |    60 |   111 |    89 ||   260
         Fire Storm        |       |       |       |       |       |       |     2 |   119 ||   121
         Ignition          |       |       |       |       |       |       |    18 |    40 ||    58
         Plasma Beam       |       |       |       |       |       |       |       |    92 ||    92
         Swiftness         |       |       |       |       |       |       |       |     2 ||     2
         Lehudib's Crystal |       |       |       |       |       |       |       |    20 ||    20
 Invoke: Channel Magic     |       |       |     1 |       |     2 |     3 |     4 |     1 ||    11
         Divine Exegesis   |       |       |       |       |       |       |     2 |       ||     2
         Forget Spell      |       |       |       |       |       |       |       |     1 ||     1
Ability: Breathe Fire      |       |       |     9 |    36 |    38 |       |       |       ||    83
  Evoke: Wand              |       |       |       |       |     2 |       |       |       ||     2
    Use: Scroll            |     4 |     4 |     6 |     5 |    23 |    12 |    18 |     3 ||    75
         Potion            |       |     1 |       |     1 |     4 |     1 |     4 |     5 ||    16
   Stab: Sleeping          |     2 |     2 |     1 |     1 |       |       |       |       ||     6
 Armour: Skin              |    61 |    28 |    63 |   219 |   389 |   387 |   243 |   191 ||  1581
  Dodge: Dodged            |    83 |    34 |    48 |   196 |   304 |   325 |   265 |   260 ||  1515

Table legend: (Time is in decaauts)
 A = Elapsed time spent in this place.
 B = Non-inter-level travel time spent in this place.
 C = Inter-level travel time spent in this place.
 D = Time resting spent in this place.
 E = Time spent auto-exploring this place.
 F = Levels seen in this place.
 G = Mean time per level.
                   A        B        C        D        E       F      G
               +--------+--------+--------+--------+--------+-----+--------+
         Total |  77276 |  70236 |   7040 |  27330 |  28448 |  46 | 1679.9 |
       Dungeon |  19045 |  16251 |   2794 |   4035 |   9226 |  15 | 1269.7 |
          Lair |  10337 |   9301 |   1036 |   3842 |   3555 |   5 | 2067.4 |
        Shoals |   5951 |   5695 |    256 |   2982 |   1907 |   4 | 1487.8 |
     Snake Pit |   7852 |   7350 |    502 |   3103 |   2748 |   4 | 1963.0 |
  Orcish Mines |   2662 |   2466 |    196 |   1211 |    988 |   2 | 1331.0 |
   Elven Halls |   5292 |   5063 |    229 |   2025 |   1602 |   3 | 1764.0 |
        Vaults |  10796 |   9583 |   1213 |   3568 |   3685 |   4 | 2699.0 |
         Crypt |   3256 |   3177 |     79 |   1378 |   1221 |   3 | 1085.3 |
        Depths |   9603 |   8871 |    732 |   3980 |   3191 |   4 | 2400.8 |
      Ice Cave |   1027 |   1027 |      0 |    473 |    105 |   1 | 1027.0 |
        Wizlab |   1450 |   1450 |      0 |    731 |    218 |   1 | 1450.0 |
               +--------+--------+--------+--------+--------+-----+--------+

Top non-repeatable levels by time:
Vaults:2: 3126 daAuts
Vaults:3: 3021 daAuts
Vaults:1: 2917 daAuts
Depths:2: 2851 daAuts
  Lair:5: 2607 daAuts
 Snake:4: 2511 daAuts
 Snake:1: 2370 daAuts
Depths:1: 2362 daAuts
Depths:3: 2285 daAuts
  Lair:2: 2172 daAuts
   Elf:3: 2164 daAuts
     D:9: 2134 daAuts
Depths:4: 2103 daAuts
  Lair:1: 2016 daAuts
  Lair:3: 1950 daAuts
